[Event "Festival Groningen-A 2024"]
[Site "Groningen"]
[Date "2024.12.24"]
[Round "4.1"]
[White "Beerdsen, Thomas"]
[Black "Narayanan S L"]
[Result "0-1"]
[ECO "B30"]
[WhiteElo "2502"]
[BlackElo "2647"]
[Annotator "TA"]
[PlyCount "100"]
[EventDate "2024.12.21"]
[EventType "swiss"]
[EventCountry "NED"]
[SourceTitle "playchess.com"]
[Source "ChessBase"]
[SourceQuality "1"]
[TimeControl "40/5400+30:1800+30"]

1. e4 c5 2. Nf3 Nc6 3. Bb5 e6 4. Bxc6 bxc6 5. d3 Ne7 6. h4 d6 7. h5 e5 8. Nh4 h6 9. f4 exf4 10. Bxf4 g5 11. hxg6 Nxg6 12. Nxg6 fxg6 13. Qf3 Be6 {[%emt 0:37:44] [#]} (13... Bg7 14. Nd2 $16 (14. Qg3 g5 $16)) 14. Nd2 $1 Qd7 15. Nc4 (15. e5 $16) 15... O-O-O $11 16. O-O g5 17. Bd2 Bg7 18. Bc3 (18. c3 $11) 18... Rhf8 $15 19. Qg3 Bxc3 20. bxc3 {[%emt 0:00:58] Black must now prevent Rxf8.} Bxc4 21. dxc4 Qe6 22. Qd3 Rxf1+ 23. Rxf1 $17 {[%emt 0:00:12][%cal Oe4e5][%mdl 4096] Endgame KQR-KQR} Re8 24. a4 a5 (24... Qxe4 25. Qxd6 Qe6 (25... Qxc2 26. Qxc6+ Kd8 27. Qd5+ Kc8 28. Qa8+ Kc7 29. Rf7+) 26. Qxc5) 25. Re1 $1 Qe5 26. Rf1 (26. Qf3 $15) 26... Re6 (26... Qxe4 $6 27. Qxd6 Qe6 (27... Qxc2 28. Qxc6+ Kd8 29. Qd5+ Kc8 30. Qa8+ Kc7 31. Rf7+) 28. Qxc5 Qe3+ 29. Qxe3 Rxe3 30. Rf6 $11) (26... Kb7 $17) 27. Qf3 $1 $11 {[%emt 0:04:01] [#]} Re8 {[%emt 0:12:44] Black is more active.} (27... Qxe4 28. Qf8+ Re8 29. Qxd6 $15) ({Better is} 27... Qg7 $1 $17) 28. Qf7 Qe7 29. Qg6 Rf8 (29... h5 {looks sharper.} 30. Rf3 h4 31. Rf1 Qxe4 32. Qxd6 Qe6) 30. Qxh6 Rxf1+ 31. Kxf1 Qxe4 32. Qxd6 (32. Qh3+ $11 Kb7 33. Qd3 (33. Qd7+ Kb6 $11) 33... Qf4+ 34. Ke1) 32... Qxc4+ {[%emt 0:00:11] KQ-KQ} 33. Qd3 $1 Qxa4 34. Qa6+ Kd8 $1 35. Qb6+ $1 Ke8 $1 36. Qb8+ Kf7 $1 {[%emt 0:00:16] ( -> ...Qf4+)} 37. Qc7+ Kg6 38. Qd6+ Kh5 39. Kg1 $2 (39. Qd3 $1 $11 {and White is okay.}) 39... Qa1+ $19 ({Less strong is} 39... Qxc2 40. Qh2+ Kg4 41. Qh3+ Kf4 42. Qh2+ Ke3 43. Qe5+ Kd3 44. Qf5+ Kxc3 (44... Kd2 45. Qxg5+ Kxc3 46. Qxc5+ Kb3 47. Qxa5 $11) 45. Qxc5+ Kb3 46. Qxa5 $17) 40. Kh2 Qxc3 {[%emt 0:00:29] ...Qe3 is the strong threat.} 41. Qxc6 $2 (41. Qe6) 41... Qe5+ (41... Qxc2 42. Qe8+ Kg4 43. Qd7+ Kf4 44. Qc7+ Kg4 45. Qd7+ Kh5 46. Qh3+ Kg6 47. Qe6+ Kg7 48. Qd7+ Kf6 49. Qd6+ Kg7 50. Qd7+ Kg8 51. Qd8+ Kf7 52. Qd7+ Kf6 53. Qd8+ Kf5 54. Qd5+ Kf4 55. Qf3+ Ke5 56. Qe3+ Kd5 57. Qxg5+ Kc4 58. Qg4+ Kb3 59. Qf3+ Kb2 60. Qc6 $19) 42. Kh1 $2 (42. Kg1 g4 43. Qb7) 42... g4 {[%emt 0:00:24] ( -> ...g3)} 43. c4 {[%emt 0:02:04] [#]} a4 $1 44. Qa8 (44. Kg1 a3) 44... g3 45. Qf3+ Kh4 46. Qd1 Qh8 47. Qxa4 Kg4+ 48. Kg1 Qh2+ 49. Kf1 Qh1+ 50. Ke2 Qxg2+ 0-1

[Event "Festival Groningen-A 2024"]
[Site "Groningen"]
[Date "2024.12.24"]
[Round "4.2"]
[White "Kazakouski, Valery"]
[Black "Albers, Sasa"]
[Result "1/2-1/2"]
[ECO "D39"]
[WhiteElo "2567"]
[BlackElo "2268"]
[Annotator "TA"]
[PlyCount "93"]
[EventDate "2024.12.21"]
[EventType "swiss"]
[EventCountry "NED"]
[SourceTitle "playchess.com"]
[Source "ChessBase"]
[SourceQuality "1"]
[TimeControl "40/5400+30:1800+30"]

1. d4 Nf6 2. c4 e6 3. Nf3 d5 4. Nc3 Bb4 5. Bg5 dxc4 6. e4 c5 7. e5 h6 8. exf6 hxg5 9. fxg7 Rg8 {[%emt 0:00:09] ...g4 would now be deadly.} 10. a3 (10. Bxc4 g4 11. Nd2 cxd4 $11) 10... Bxc3+ 11. bxc3 Nc6 12. dxc5 (12. Bxc4 g4 13. Ne5 Nxe5 14. dxe5 Qxd1+ 15. Rxd1 Rxg7 $14) 12... Qa5 13. Nd2 Qxc5 14. Bxc4 (14. Ne4 Qe5 15. Qe2 Ke7 $15) 14... Qe5+ 15. Be2 $1 Rxg7 16. O-O Bd7 17. Rb1 Na5 $1 18. Rb4 O-O-O $1 19. Nf3 Qc5 20. Rd4 (20. Qd3 $11 {keeps the balance.}) 20... Rgg8 ({Of course not} 20... Qxa3 21. Qd3 $11) (20... Qxc3 21. Qb1 Qxa3 22. Rd3 $18 (22. Ne5 f6 $18)) ({Better is} 20... g4 $17 21. Nd2 Qxa3 (21... Qxc3 22. Ne4 $18)) 21. Qd3 $11 Bc6 22. Rd1 Rxd4 23. cxd4 Qf5 $1 24. Qxf5 exf5 25. Rc1 {[%emt 0:02:17] And now d5 would win.} Kb8 26. h4 gxh4 27. Nxh4 Be4 28. f3 Nb3 29. Re1 Bc2 30. Bc4 Nxd4 31. Bxf7 Rg7 32. Bd5 Kc7 33. Re8 f4 34. Be4 {[%emt 0:01:12] Against Rh7} Kd7 35. Re5 Bxe4 36. Rxe4 {[%emt 0:00:07][%mdl 4096] Endgame KRN-KRN} Ne6 37. Nf5 Rf7 38. Re5 Rf8 39. Kf2 b6 40. Rd5+ Kc7 41. Nd4 Nxd4 42. Rxd4 {[%emt 0:00:08] KR-KR} Kc6 43. Ke2 Rg8 44. Kf2 Rf8 45. Ke2 Rg8 46. Kf2 Rf8 47. Ke2 1/2-1/2

[Event "Festival Groningen-A 2024"]
[Site "Groningen"]
[Date "2024.12.24"]
[Round "4.3"]
[White "Slagboom, Leandro"]
[Black "Schoppen, Casper"]
[Result "0-1"]
[ECO "E92"]
[WhiteElo "2370"]
[BlackElo "2539"]
[Annotator "TA"]
[PlyCount "112"]
[EventDate "2024.12.21"]
[EventType "swiss"]
[EventCountry "NED"]
[SourceTitle "playchess.com"]
[Source "ChessBase"]
[SourceQuality "1"]
[TimeControl "40/5400+30:1800+30"]

1. d4 Nf6 2. c4 g6 3. Nc3 Bg7 4. e4 d6 5. Be2 O-O 6. h3 e5 7. d5 a5 8. Be3 Na6 9. Nf3 Nh5 10. Nd2 {[%emt 0:00:13] is currently scoring better than 10.g3. E92: King's Indian: Classical: 6 Be2 e5: 7 dxe5, 7 Be3 and Petrosian System without 7...Nbd7.} Nf4 11. Bf1 a4 12. a3 f5 13. g3 Nd3+ 14. Bxd3 f4 15. Qe2 fxe3 16. Qxe3 Nc5 17. Bc2 $146 ({Predecessor:} 17. Rh2 Rf7 18. Bc2 Qf8 19. O-O-O Bd7 20. g4 h6 21. Qe2 Bf6 22. h4 {½-½ Nikolaev,D (2330)-Saglione,E (2421) Champion's League 2021/C10 email}) 17... Qf6 18. Rh2 h5 19. O-O-O Kh7 20. Kb1 Bh6 21. Qe2 Bd7 22. Rg1 Rae8 23. Ka2 h4 24. Bd1 (24. gxh4 {with more complications.} Qxh4 25. Rhg2 Re7 26. f3) 24... hxg3 25. fxg3 Qg5 26. h4 (26. Nf1 $14) 26... Qe3 $15 27. Qg2 (27. Qxe3 {simplifies} Bxe3 28. Rgg2 Rf7 29. Kb1) 27... Qd4 ({Black should play} 27... Nd3 $15 28. Nf3 Kg8) 28. h5 $11 g5 29. g4 $1 Nd3 30. Qg3 (30. Bxa4 $2 Bxa4 31. Nxa4 b5 $19) 30... Ra8 31. Be2 (31. Ka1 $14) 31... Nf4 (31... Nxb2 $1 $11 {remains equal.} 32. Rb1 Qxd2 33. Rxb2 Qd4) 32. Bf1 Kg8 33. Nf3 Qb6 34. Qf2 Qxf2 35. Rxf2 Rf6 36. Nd1 Raf8 37. Rg3 $1 Nxh5 (37... Kh7 $1 $14) 38. gxh5 $18 g4 {[%emt 0:00:05] [#]} 39. Bh3 $2 (39. Be2 $1 $18 {And now Rfg2 would win.} Kh7 40. Nxe5 Rxf2 41. Nxd7 (41. Nxf2 Rxf2 42. Nxd7 Rxe2 $11) 41... Rxe2 42. Nxf8+ Bxf8 43. Nc3 (43. Rxg4 Bg7 $16)) 39... Rxf3 $11 40. Rfxf3 (40. Rgxf3 $11 Rxf3 41. Bxg4 Rxf2 (41... Bxg4 42. Rg2 $16) 42. Nxf2) 40... Rxf3 $17 41. Rxf3 gxh3 42. Nf2 h2 43. b3 axb3+ 44. Kxb3 Bf4 45. Nh1 $2 (45. Rc3 $17) 45... Kh7 46. Kc2 (46. Rc3 $142) 46... Bg4 $19 47. Rf2 $2 {[%emt 0:00:00] [#]} (47. Rc3) 47... Kh6 $1 $19 (47... Bxh5 48. a4 $15) 48. Kd3 Kxh5 49. Rf1 (49. a4 $142 b6 50. Kc3) 49... Kh4 $19 50. Rf2 Kh3 51. Rb2 Bf3 52. Nf2+ Kg3 53. Rc2 b6 54. a4 Bg5 55. Rb2 Bc1 56. Ra2 Ba3 ({Stronger than} 56... h1=Q 57. Nxh1+ Kf4 (57... Bxh1 58. Ra1 $16) 58. Nf2 $14) 0-1

[Event "Festival Groningen-A 2024"]
[Site "Groningen"]
[Date "2024.12.24"]
[Round "4.4"]
[White "Pham, Khoi"]
[Black "De Winter, Arthur"]
[Result "1-0"]
[ECO "E04"]
[WhiteElo "2285"]
[BlackElo "2446"]
[Annotator "TA"]
[PlyCount "73"]
[EventDate "2024.12.21"]
[EventType "swiss"]
[EventCountry "NED"]
[SourceTitle "playchess.com"]
[Source "ChessBase"]
[SourceQuality "1"]
[TimeControl "40/5400+30:1800+30"]

1. d4 d5 2. c4 e6 3. Nf3 Nf6 4. g3 dxc4 5. Bg2 Nbd7 6. O-O c6 7. a4 b6 8. Nbd2 Ba6 9. Ne5 Nxe5 10. dxe5 Nd5 11. Qc2 {[%emt 0:01:04][%mdl 1024] White has compensation.} Nb4 12. Qe4 Bc5 13. Qg4 Qc7 (13... O-O $14) 14. Ne4 O-O-O ({Black should play} 14... Qxe5 15. Nxc5 h5 16. Nxa6 hxg4 17. Nxb4 c5) 15. Nxc5 (15. Qxg7 Rhg8 16. Qh6 (16. Qxh7 Rh8 $16) 16... Nc2 $16 (16... Qxe5 17. Qxh7 Rg7 18. Bf4 $16)) 15... bxc5 16. Qxg7 Nc2 {[%emt 0:06:33][%cal Oh8g8] [#] Prevents Be3} 17. Bg5 $1 Rdg8 {[%emt 0:08:29] [#]} (17... Rde8 18. Rad1) 18. Qf6 $1 Nxa1 19. Rxa1 Qb7 20. Be4 Rd8 21. Be3 {[%emt 0:01:36] White is much more active.} Rhe8 22. Bxc5 {[%emt 0:03:03] and Bd6 should not be overlooked A strong pair of Bishops.} (22. Bxh7 Qxb2 23. Rb1 Qxe2 24. Qxf7 c3 $11) 22... Qxb2 $2 (22... Rd2) 23. Rb1 $18 Qxe2 {[%emt 0:02:13] [#]} 24. Bd6 $1 Rxd6 25. exd6 Qxe4 26. Rd1 $1 Rd8 27. Qxf7 Rd7 28. Qf8+ Rd8 {[%emt 0:04:31] [#]} 29. d7+ $1 Kc7 {[%emt 0:00:03] [#]} 30. Qd6+ $1 Kb6 {[%emt 0:00:58] ...c3 is the strong threat.} 31. Qb4+ Bb5 32. axb5 cxb5 33. Rd6+ Kb7 34. Qxb5+ Ka8 35. Rc6 Qe1+ 36. Kg2 {[%emt 0:00:04] Intending Rc8+ and mate.} Qe4+ 37. Kh3 1-0

[Event "Festival Groningen-A 2024"]
[Site "Groningen"]
[Date "2024.12.24"]
[Round "4.5"]
[White "Elgersma, Onno"]
[Black "Palchuk, Andrii"]
[Result "1-0"]
[ECO "B30"]
[WhiteElo "2322"]
[BlackElo "2372"]
[Annotator "TA"]
[PlyCount "45"]
[EventDate "2024.12.21"]
[EventType "swiss"]
[EventCountry "NED"]
[SourceTitle "playchess.com"]
[Source "ChessBase"]
[SourceQuality "1"]
[TimeControl "40/5400+30:1800+30"]

1. e4 c5 2. Nf3 Nc6 3. Bb5 Nf6 4. Nc3 Qc7 5. O-O Nd4 6. Re1 a6 7. Bc4 d6 8. Nd5 Nxd5 9. exd5 b5 10. Nxd4 cxd4 11. Bb3 d3 12. Qf3 (12. cxd3 g6 $11) 12... dxc2 13. d3 Bb7 14. Bf4 {[%emt 0:12:00] White is more active.} e5 (14... Qd7 $14) 15. d4 $18 f6 16. Rac1 $1 Be7 17. Bxc2 $1 (17. dxe5 dxe5 18. Bxc2 (18. Rxc2 Qd7 $16) 18... Qd6) 17... Qd7 {[%emt 0:00:53] [#]} 18. Qh5+ $1 Kf8 19. Bg3 Bxd5 20. dxe5 (20. Bxh7 Rd8 21. dxe5 dxe5 $11) 20... dxe5 21. Rcd1 (21. Bxh7 Qb7 $11) 21... Qc6 $2 {[%emt 0:00:41][%mdl 8192] [#]} (21... Bb4 $16) 22. Rxd5 $1 {[%emt 0:03:59][%mdl 512] And now Bb3 would win.} Qxd5 (22... Qxc2 23. Rdxe5) 23. Bb3 (23. Bxh7 $2 {perishes.} Qd2 (23... Qxa2 $2 24. Qe2 $19) (23... Qd3 24. Qxe5 fxe5 25. Bxd3 $17) 24. Rb1 Rc8 $19) 1-0

[Event "Festival Groningen-A 2024"]
[Site "Groningen"]
[Date "2024.12.24"]
[Round "4.6"]
[White "Maatman, Nick"]
[Black "Van Foreest, Machteld"]
[Result "1-0"]
[ECO "E04"]
[WhiteElo "2375"]
[BlackElo "2309"]
[Annotator "TA"]
[PlyCount "93"]
[EventDate "2024.12.21"]
[EventType "swiss"]
[EventCountry "NED"]
[SourceTitle "playchess.com"]
[Source "ChessBase"]
[SourceQuality "1"]
[TimeControl "40/5400+30:1800+30"]

1. Nf3 Nf6 2. g3 e6 3. Bg2 d5 4. d4 c5 5. c4 dxc4 6. O-O Nc6 7. Ne5 Nxe5 8. dxe5 Nd5 9. Na3 Be7 10. Nxc4 O-O 11. Nd6 Qc7 12. Bxd5 (12. Qd3 {is interesting.} Bd7 13. Rd1 Rad8 14. e4) 12... exd5 13. Nxc8 Raxc8 14. Qxd5 Rfd8 15. Qe4 Rd4 16. Qe3 Qc6 17. Qf3 Qxf3 18. exf3 b5 19. Be3 Rd5 20. f4 a5 21. Rfd1 Rcd8 22. Rxd5 Rxd5 $16 {[%emt 0:00:02][%mdl 4096] Endgame KRB-KRB. White is a pawn up.} 23. Rc1 f6 24. exf6 Bxf6 25. b3 ({Don't do} 25. Bxc5 Bxb2 26. Rc2 Bf6 $14) 25... Bd4 (25... Be7 $16 {keeps fighting.} 26. g4 g6) 26. Bxd4 $18 cxd4 {[%emt 0:00:02][%cal Bc5d4,Bd4d3][%mdl 32] KR-KR. White is a pawn up.} 27. Kf1 d3 28. Rc8+ Kf7 {[%emt 0:00:01] and ...d2 should not be overlooked} 29. Ke1 g5 30. fxg5 Re5+ 31. Kd2 Re2+ 32. Kxd3 Rxa2 33. Rc2 Ra3 34. Rb2 Kg6 35. f4 Kf5 36. Kd4 Ra1 37. Kc5 b4 38. Re2 Rc1+ 39. Kb5 Rb1 40. Re3 Ra1 41. Re5+ Kg6 42. Re6+ Kg7 43. Re7+ Kg8 44. Ra7 Ra3 45. Kc4 Ra2 46. Kd4 (46. f5 Rxh2 47. Kd4 (47. Rxa5 Rg2 $18) 47... Re2) 46... Rxh2 47. Rxa5 1-0

[Event "Festival Groningen-A 2024"]
[Site "Groningen"]
[Date "2024.12.24"]
[Round "4.7"]
[White "De Jong, Migchiel"]
[Black "Poetsch, Hagen"]
[Result "0-1"]
[ECO "E60"]
[WhiteElo "2275"]
[BlackElo "2491"]
[Annotator "TA"]
[PlyCount "98"]
[EventDate "2024.12.21"]
[EventType "swiss"]
[EventCountry "NED"]
[SourceTitle "playchess.com"]
[Source "ChessBase"]
[SourceQuality "1"]
[TimeControl "40/5400+30:1800+30"]

1. Nf3 d5 2. e3 Nf6 3. b3 g6 4. Bb2 Bg7 5. c4 dxc4 6. Bxc4 O-O 7. O-O c5 8. d4 cxd4 9. Nxd4 Nbd7 10. Nd2 Ne5 11. Be2 Bg4 {[%emt 0:09:47] White is slightly better.} 12. h3 Bxe2 13. Qxe2 Rc8 14. Rac1 Qa5 15. a3 Nd5 16. f4 {[%emt 0:05:19] Rxc8 would now be deadly.} Nd7 17. Nc4 Qa6 18. Qf3 N5b6 19. Nxb6 Qxb6 20. b4 e5 21. Rxc8 Rxc8 22. fxe5 Nxe5 23. Qd5 a5 24. Kh1 (24. Qxa5 $11 Qxa5 25. bxa5) 24... axb4 (24... a4 {simplifies} 25. Ba1 h5 26. Qb5 Qa6) 25. axb4 Qxb4 26. Nf5 $1 gxf5 (26... Qxb2 27. Ne7+ Kh8 28. Nxc8 $18) (26... Qc5 {simplifies} 27. Qxc5 Rxc5 28. Bd4 Rb5) 27. Bxe5 Qc5 28. Qxc5 Rxc5 $15 {[%emt 0:00:05][%mdl 4096] Endgame. KRB-KRB} 29. Bf4 ({White should play} 29. Bd4 $15 Rd5 30. Bxg7 Kxg7 31. Rf4) 29... Bb2 30. Rf2 Bc3 31. Ra2 Kg7 32. Ra8 Be5 33. Bxe5+ Rxe5 {[%emt 0:00:06] KR-KR} 34. Rb8 Rb5 35. Kh2 {[%emt 0:00:00] [#]} Rb1 (35... Rb3 $1 $17) 36. Kg3 b5 37. Rb6 f6 38. Kf4 Kg6 39. Rb8 b4 40. Rg8+ ({White should try} 40. Kg3 $15) 40... Kf7 $17 41. Rb8 {[%emt 0:30:23] [#]} Kg6 (41... Ke6 $1 $17 {With the idea ...b3.} 42. Rb5 b3) 42. Rg8+ $11 Kh5 43. Kxf5 b3 44. Rb8 b2 {[%emt 0:00:24] ( -> ...Rf1+)} 45. Ke4 $2 {[%emt 0:00:00][%mdl 8192] White does not recover from this.} (45. Ke6 $11) 45... Kh4 $19 {[%emt 0:00:00] White must now prevent ...Kg3.} 46. Kd3 Rd1+ {[%emt 0:00:00] Black mates.} 47. Kc2 {[%emt 0:00:00] [#]} b1=Q+ $1 48. Rxb1 Rxb1 49. Kxb1 Kg3 {[%emt 0:00:00] Weighted Error Value: White=0.43/Black=0.12 (very precise) .  Loses game:     	White=1     	---        Mistake:       	White=3     	Black=2      Inaccurate:     	White=2     	Black=3      OK:         	White=15    	Black=13     Best:        	---       	Black=2      Strong:       	White=1     	---} 0-1

[Event "Festival Groningen-A 2024"]
[Site "Groningen"]
[Date "2024.12.24"]
[Round "4.8"]
[White "Mitusov, Semen"]
[Black "Grooten, Tommy"]
[Result "1-0"]
[ECO "B81"]
[WhiteElo "2465"]
[BlackElo "2153"]
[Annotator "TA"]
[PlyCount "51"]
[EventDate "2024.12.21"]
[EventType "swiss"]
[EventCountry "NED"]
[SourceTitle "playchess.com"]
[Source "ChessBase"]
[SourceQuality "1"]
[TimeControl "40/5400+30:1800+30"]

1. e4 c5 2. Nf3 e6 3. d4 cxd4 4. Nxd4 Nf6 5. Nc3 d6 6. g4 h6 7. Rg1 Nc6 8. h4 d5 9. exd5 Nxd5 10. Nxd5 exd5 11. Be3 Qxh4 {[%emt 0:00:13] White is slightly better.} 12. Qf3 Nxd4 13. Bxd4 {[%emt 0:00:06] [#] Threatens to win with Bb5+.} Qe7+ 14. Be2 {[%emt 0:00:07][%cal Oe1c1] next 0-0-0! is good for White. Active counter play!} Qe4 15. O-O-O {[%emt 0:01:55] Strongly threatening Bb5+.} Qxf3 16. Bxf3 Be6 17. Rge1 Kd7 18. Be3 Bd6 19. Bxd5 Bxd5 ({Reject} 19... Bxg4 20. Rd4 h5 21. Ra4 $16 (21. Bxf7 Raf8 $14) (21. Bxb7 Rae8 $16)) 20. Rxd5 Kc6 21. Red1 Rad8 22. Ra5 (22. Bxa7 $2 {loses.} Bf4+ 23. Be3 Bxe3+ (23... Rxd5 $2 24. Bxf4 Rxd1+ 25. Kxd1 $19) 24. fxe3 Rxd5 $19) 22... a6 23. Rd4 Rhe8 24. c3 Kc7 25. Kc2 Be5 $2 {[%emt 0:07:35][%mdl 8192] [#]} (25... Rd7 $11) 26. Rc5+ $1 {[%emt 0:01:54] Weighted Error Value: White=0.02 (flawless) /Black=0.52.  Loses game:     	---       	Black=1      Inaccurate:     	---       	Black=1      OK:         	White=8     	Black=9      Best:        	---       	Black=2      Strong:       	White=1     	---} ({Not} 26. Rxd8 Kxd8 27. c4 Bf6 $11) 1-0

[Event "Festival Groningen-A 2024"]
[Site "Groningen"]
[Date "2024.12.24"]
[Round "4.9"]
[White "Madularea, David"]
[Black "Labruyere, Roger"]
[Result "1-0"]
[ECO "C10"]
[WhiteElo "2245"]
[BlackElo "2344"]
[Annotator "TA"]
[PlyCount "129"]
[EventDate "2024.12.21"]
[EventType "swiss"]
[EventCountry "NED"]
[SourceTitle "playchess.com"]
[Source "ChessBase"]
[SourceQuality "1"]
[TimeControl "40/5400+30:1800+30"]

1. e4 e6 2. d4 d5 3. Nc3 dxe4 4. Nxe4 Nf6 5. Nxf6+ gxf6 6. Nf3 b6 7. Bb5+ c6 8. Bd3 Bb7 9. Qe2 Qc7 10. Be3 Nd7 11. a4 Bd6 12. a5 bxa5 13. Bd2 a4 14. Rxa4 h5 15. b4 Nb6 16. Ra2 Nd5 17. Rb2 Bf4 18. c4 Bxd2+ 19. Qxd2 Nf4 20. Bf1 Rd8 (20... a5 $11) 21. Qc3 ({White should try} 21. c5 $14) 21... Rg8 $11 22. g3 c5 $1 23. gxf4 $2 (23. bxc5 $1 $11 {and White stays safe.} Bxf3 24. Qxf3 Qa5+ 25. Kd1 (25. Rd2 $2 Rxd4 26. Qa8+ Ke7 $19) 25... Rxd4+ 26. Kc2 Rd2+ 27. Kb1 Rxb2+ 28. Kxb2) 23... cxd4 $19 24. Qd3 Qxf4 25. Rb3 Be4 $2 ({Black should try} 25... Qc1+ $19 26. Qd1 Qxd1+ 27. Kxd1 d3) 26. Qd2 $11 Qxf3 27. Rxf3 Bxf3 28. Bg2 $1 Bxg2 (28... Rxg2 $14 29. Qf4 Bb7) 29. Rg1 $16 Rg4 30. f4 (30. Qa2 $16) 30... Be4 $1 $11 31. Rxg4 hxg4 32. Qa2 d3 33. Kd2 (33. Qxa7 d2+ 34. Kf2 d1=Q (34... d1=B 35. b5 $19) 35. Qe3 Rd2+ (35... Qd2+ $2 36. Qxd2 Rxd2+ 37. Ke3 $19) 36. Kg3 Qf1 (36... Rg2+ 37. Kh4 Rxh2+ 38. Kg3 Rg2+ 39. Kh4 Qh1+ 40. Qh3 Qxh3#) (36... Rd3 37. Kf2 Rd2+ 38. Kg3 Qf1 39. Kxg4 Bf5+ 40. Kh4 Rxh2+ 41. Kg3 Rh3#) 37. Kh4 Rxh2+ (37... Rd3 38. Kh5 Qh3+ 39. Qxh3 Rxh3+ 40. Kxg4 Bf5#) 38. Kxg4 Qg2+ 39. Qg3 Bf5#) 33... Rd4 34. Qa4+ (34. Qxa7 Rxc4 35. Ke3 (35. Qb8+ $2 Ke7 $19) 35... Rc1 $19 (35... Rxb4 36. Qa5 $11)) (34. Qa6 $5 Kf8 $8 35. Qc8+ (35. Qxa7 $2 Rxc4 36. Ke3 Rc1 $19) 35... Kg7 36. Qc5 $17) 34... Kf8 35. Qb5 (35. Qxa7 $2 Rxc4 36. Ke3 Rc1 $19 (36... Rxb4 $2 37. Qc5+ Kg7 38. Qxb4 $18)) 35... Kg7 36. Qc5 $1 Rd7 37. b5 Kg6 (37... Bf5 $11) 38. Qe3 (38. Qf8 $16) 38... Kf5 (38... Bf5 $11 {keeps the balance.}) 39. h3 gxh3 40. Qxh3+ Kg6 (40... Kxf4 $16 {keeps fighting.} 41. Qh4+ Kf3 (41... Ke5 $2 42. c5 $18) 42. Qxf6+ Bf5) 41. Qg4+ (41. c5 $18 Rd5 42. Qe3 (42. Qg4+ Kh7 $16)) 41... Kh7 $16 42. Qg1 Bf5 $2 (42... Bg6 $16 {is a better chance.} 43. c5 Rd5) 43. c5 $18 Rd5 44. Qc1 Bg6 (44... Kg7 $142 45. c6 Rxb5) 45. c6 $18 Rxb5 46. c7 Rh5 47. Qg1 (47. c8=B $2 {perishes.} Rh2+ 48. Ke3 d2 $19) 47... a5 48. c8=Q ({Weaker is} 48. c8=B a4 $16) 48... Kg7 49. Qg2 Rh8 50. Qc3 Rh5 51. Qxd3 Rc5 52. Kd1 a4 53. Qd6 Ra5 54. Qd8 (54. f5 $142 Rd5+ 55. Qdxd5 exd5 56. fxg6 fxg6 57. Qxd5 f5 58. Ke2 Kf8 59. Qa8+ Ke7 60. Qxa4) 54... Rb5 55. Qga8 Rb1+ 56. Kd2 Rb2+ 57. Kc3 Rc2+ 58. Kb4 Rb2+ 59. Ka5 Bh7 60. Qf8+ Kg6 61. Qe4+ f5 62. Qe5 Kh5 63. Qxb2 Bg6 64. Qg2 Kh4 65. Qh8+ 1-0

[Event "Festival Groningen-A 2024"]
[Site "Groningen"]
[Date "2024.12.24"]
[Round "4.10"]
[White "Van der Hagen, Loek"]
[Black "Weber, Samuel"]
[Result "1/2-1/2"]
[ECO "B15"]
[WhiteElo "2315"]
[BlackElo "2263"]
[Annotator "RC"]
[PlyCount "67"]
[EventDate "2024.12.21"]
[EventType "swiss"]
[EventCountry "NED"]
[SourceTitle "playchess.com"]
[Source "ChessBase"]
[SourceQuality "1"]
[TimeControl "40/5400+30:1800+30"]

1. e4 c6 2. Nc3 d5 3. Nf3 g6 4. d4 dxe4 5. Nxe4 Nf6 6. Nxf6+ exf6 7. Bc4 Bg7 8. Qe2+ Qe7 9. Qxe7+ Kxe7 10. a4 a5 11. b3 Re8 12. O-O Kf8 13. Ba3+ Kg8 14. Rfe1 Be6 15. Re2 Na6 16. Bd6 Bxc4 17. Rxe8+ Rxe8 18. bxc4 Re2 19. Re1 Rxe1+ 20. Nxe1 f5 21. c3 Bh6 22. f4 Bf8 23. Bxf8 Kxf8 24. Nd3 Ke7 25. Kf2 b6 26. Ke3 Kd6 27. Nc1 c5 28. Kd3 Kd7 29. Nb3 Kd6 30. g3 Kd7 31. Nd2 Ke6 32. Nf1 Kd6 33. Nd2 Ke6 34. Nf1 1/2-1/2

[Event "Festival Groningen-A 2024"]
[Site "Groningen"]
[Date "2024.12.24"]
[Round "4.11"]
[White "Cernov, Henrik"]
[Black "Laxman, R.R."]
[Result "1/2-1/2"]
[ECO "C68"]
[WhiteElo "2187"]
[BlackElo "2310"]
[Annotator "RC"]
[PlyCount "69"]
[EventDate "2024.12.21"]
[EventType "swiss"]
[EventCountry "NED"]
[SourceTitle "playchess.com"]
[Source "ChessBase"]
[SourceQuality "1"]
[TimeControl "40/5400+30:1800+30"]

1. e4 e5 2. Nf3 Nc6 3. Bb5 a6 4. Bxc6 dxc6 5. Nc3 f6 6. d4 exd4 7. Qxd4 Qxd4 8. Nxd4 Bd7 9. f3 O-O-O 10. Kf2 Ne7 11. Be3 Ng6 12. h4 Ne5 13. b3 h5 14. Rad1 g6 15. Nde2 Bb4 16. Nb1 Be6 17. Nf4 Bf7 18. Ke2 Bd6 19. Nc3 Rde8 20. Kf2 b5 21. Nce2 Kb7 22. Nd3 Nxd3+ 23. cxd3 Rd8 24. d4 a5 25. Rc1 a4 26. bxa4 b4 27. Rc2 Ra8 28. Rb1 Rxa4 29. Nc3 Ra6 30. e5 fxe5 31. dxe5 Be7 32. Bg5 Bc5+ 33. Be3 Be7 34. Bg5 Bc5+ 35. Be3 1/2-1/2

[Event "Festival Groningen-A 2024"]
[Site "Groningen"]
[Date "2024.12.24"]
[Round "4.12"]
[White "Okuno, Rion"]
[Black "Manish Anto Cristiano F"]
[Result "0-1"]
[ECO "C41"]
[WhiteElo "2027"]
[BlackElo "2296"]
[Annotator "RC"]
[PlyCount "64"]
[EventDate "2024.12.21"]
[EventType "swiss"]
[EventCountry "NED"]
[SourceTitle "playchess.com"]
[Source "ChessBase"]
[SourceQuality "1"]
[TimeControl "40/5400+30:1800+30"]

1. e4 d6 2. d4 Nf6 3. Nc3 e5 4. Nf3 Nbd7 5. Bc4 Be7 6. O-O O-O 7. a4 h6 8. h3 c6 9. Re1 Re8 10. a5 Qc7 11. Be3 Bf8 12. d5 cxd5 13. Bxd5 Nc5 14. b4 Na6 15. Nb5 Qd7 16. c4 Nxd5 17. exd5 Nxb4 18. Bxa7 Na6 19. Qb3 Qf5 20. Bb6 Bd7 21. Nd2 Qg6 22. c5 dxc5 23. Nc4 Bxb5 24. Qxb5 Nb4 25. Nxe5 Qf5 26. Nd7 Rxe1+ 27. Rxe1 Nd3 28. Rf1 Nf4 29. Nxf8 Qxd5 30. f3 Qg5 31. Qb2 Re8 32. Bc7 Re2 0-1